 Dungeon Crawl Stone Soup version 0.23-a0-539-g3f6f39f (webtiles) character file.

227215 toffzen the Warrior (level 18, -2/244 HPs)
             Began as an Ogre Transmuter on Dec 3, 2018.
             Was an Initiate of Gozag.
             Slain by an ogre mage
             ... wielding a +0 halberd
              (16 damage)
             ... on level 1 of the Vaults on Dec 7, 2018.
             The game lasted 03:32:51 (63934 turns).

toffzen the Warrior (Ogre Transmuter)              Turns: 63934, Time: 03:32:52

Health: -2/244     AC:  8    Str: 22      XL:     18   Next: 91%
Magic:  0/35       EV: 16    Int: 18 (19) God:    Gozag
Gold:   8997       SH:  0    Dex: 10 (12) Spells: 19/43 levels left

rFire    x . .     SeeInvis .     - Unarmed
rCold    + + +     Gourm    .   (shield currently unavailable)
rNeg     + . .     Faith    .   (armour currently unavailable)
rPois    +         Spirit   +   (helmet currently unavailable)
rElec    .         Reflect  .   (cloak currently unavailable)
rCorr    .         Harm     .   (gloves unavailable)
MR       ++...                  (boots unavailable)
Stlth    +.........             V - amulet of guardian spirit
HPRegen  0.50/turn              B - ring of poison resistance
MPRegen  0.24/turn              U - ring of Litery {rC+ rN+ MR+ Str+3 Dex+2}

@: ice-form
A: large, unfitting armour
}: 2/15 runes: decaying, gossamer
a: End Transformation, Potion Petition, Call Merchant, Bribe Branch, Renounce
Religion


You were on level 1 of the Vaults.
You worshipped Gozag.
Gozag was greatly pleased with you.
You were not hungry.
You were a creature of crystalline ice.
You visited 6 branches of the dungeon, and saw 32 of its levels.

You collected 13121 gold pieces.
You spent 2100 gold pieces at shops.
You paid 2024 gold pieces to Gozag.

Inventory:

Missiles
 b - 600 arrows
 c - 1047 stones (quivered)
 y - 2 throwing nets
 S - 26 large rocks
Armour
 t - a +2 hat (melded)
 x - a +0 cloak (melded)
 E - a +1 robe of resistance (melded)
 O - a +0 shield of reflection
 W - a +0 robe of magic resistance
Magical Staves
 a - an uncursed staff of power
Jewellery
 w - a +1 ring of protection
 B - a ring of poison resistance (left front paw)
 C - an uncursed ring of protection from cold
 G - an uncursed ring of positive energy
 H - an uncursed ring of fire
 U - the ring of Litery (right front paw) {rC+ rN+ MR+ Str+3 Dex+2}
   (You bought it in a shop on level 2 of the Orcish Mines)

   [ring of protection from magic]

   It affects your strength (+3).
   It affects your dexterity (+2).
   It protects you from cold.
   It protects you from negative energy.
   It affects your resistance to hostile enchantments.
 V - an amulet of guardian spirit (around neck)
Wands
 n - a wand of flame (42)
 q - a wand of digging (4)
 u - a wand of iceblast (25)
 K - a wand of enslavement (8)
 Q - a wand of paralysis (7)
Scrolls
 f - 14 scrolls of remove curse
 h - 5 scrolls of enchant weapon
 i - 3 scrolls of teleportation
 l - 4 scrolls of amnesia
 m - 2 scrolls of fear
 D - 3 scrolls of enchant armour
 I - 2 scrolls of holy word
 J - a scroll of silence
 L - 3 scrolls of immolation
 R - a scroll of brand weapon {unknown}
 T - a scroll of torment {unknown}
Potions
 e - 3 potions of curing
 g - 5 potions of flight
 k - 2 potions of mutation
 o - 2 potions of cancellation
 p - 4 potions of magic
 r - 2 potions of resistance
 s - 8 potions of ambrosia
 v - 7 potions of brilliance
 N - a potion of invisibility
Miscellaneous
 j - a sack of spiders
 X - a phantom mirror
 Y - a box of beasts
 Z - a lamp of fire
Comestibles
 d - 16 rations


   Skills:
 + Level 18.0 Fighting
 + Level 13.5 Dodging
 + Level 15.9 Unarmed Combat
 + Level 13.4 Spellcasting
 + Level 12.9 Transmutations
 - Level 6.0 Ice Magic
 - Level 1.0 Poison Magic
 - Level 4.0 Evocations


You had 19 spell levels left.
You knew the following spells:

 Your Spells              Type           Power        Failure   Level  Hunger
a - Beastly Appendage     Tmut           ######       1%          1    None
b - Spider Form           Tmut/Pois      #####.....   1%          3    None
c - Sticks to Snakes      Tmut           ######..     1%          2    None
d - Ice Form              Ice/Tmut       #####...     1%          4    #......
e - Blade Hands           Tmut           ######....   1%          5    ####...
f - Dragon Form           Tmut           ######....   24%         7    #######
g - Blink                 Tloc           N/A          9%          2    None

Your spell library contained the following spells:

 Spells                   Type           Power        Failure   Level  Hunger
 Freeze                   Ice            ####         1%          1    None
 Throw Frost              Conj/Ice       ###...       2%          2    None
 Ignite Poison            Fire/Tmut/Pois ####....     2%          3    None
 Sting                    Conj/Pois      ##..         4%          1    None
 Ozocubu's Armour         Chrm/Ice       ###.....     4%          3    None
 Petrify                  Tmut/Erth      #####...     4%          4    #......
 Apportation              Tloc           ##....       5%          1    None
 Confusing Touch          Hex            ##....       5%          1    None
 Corona                   Hex            ##.....      5%          1    None
 Flame Tongue             Conj/Fire      ##...        5%          1    None
 Magic Dart               Conj           ##..         5%          1    None
 Summon Butterflies       Summ           ##......     5%          1    None
 Poisonous Vapours        Pois/Air       ##....       7%          2    None
 Call Imp                 Summ           ##......     9%          2    None
 Corpse Rot               Necr           N/A          9%          2    None
 Slow                     Hex            ##......     9%          2    None
 Sublimation of Blood     Necr           ##........   9%          2    None
 Throw Flame              Conj/Fire      ##....       9%          2    None
 Alistair's Intoxication  Tmut/Pois      #####...     9%          5    ####...
 Irradiate                Conj/Tmut      #####.....   11%         5    ####...
 Yara's Violent Unravell  Hex/Tmut       #####.....   11%         5    ####...
 Mephitic Cloud           Conj/Pois/Air  ##......     14%         3    None
 Summon Ice Beast         Ice/Summ       ###.....     16%         4    #......
 Throw Icicle             Conj/Ice       ###.....     16%         4    #......
 Confuse                  Hex            ##......     17%         3    None
 Conjure Flame            Conj/Fire      ##......     17%         3    None
 Gell's Gravitas          Tloc           ##........   17%         3    None
 Inner Flame              Hex/Fire       ##......     17%         3    None
 Lesser Beckoning         Tloc           ##........   17%         3    None
 Portal Projectile        Hex/Tloc       ##....       17%         3    None
 Tukima's Dance           Hex            ##......     17%         3    None
 Olgreb's Toxic Radiance  Pois           ###.....     36%         4    #......
 Metabolic Englaciation   Hex/Ice        ###.......   41%         5    ####...
 Cause Fear               Hex            ##........   50%         4    #......
 Leda's Liquefaction      Hex/Erth       ##........   50%         4    #......
 Sticky Flame             Conj/Fire      ##......     50%         4    #......
 Venom Bolt               Conj/Pois      ##........   77%         5    ####...
 Agony                    Necr           ##......     83%         5    ####...
 Bolt of Draining         Conj/Necr      ##........   83%         5    ####...
 Dispel Undead            Necr           ##......     83%         5    ####...
 Excruciating Wounds      Chrm/Necr      ##........   83%         5    ####...
 Fireball                 Conj/Fire      ##........   83%         5    ####...
 Silence                  Hex/Air        ##........   83%         5    ####...
 Freezing Cloud           Conj/Ice/Air   ###.......   98%         6    ######.
 Bolt of Fire             Conj/Fire      ##........   100%        6    ######.
 Deflect Missiles         Chrm/Air       ##........   100%        6    ######.
 Invisibility             Hex            ##......     100%        6    ######.
 Ring of Flames           Chrm/Fire      ##........   100%        7    #######
 Discord                  Hex            ##........   100%        8    #######
 Dragon's Call            Summ           ##........   100%        9    #######


Dungeon Overview and Level Annotations

Branches:
Dungeon (15/15)            Temple (0/1) D:7            Lair (6/6) D:9
  Swamp (4/4) Lair:3       Spider (4/4) Lair:4        Slime (0/5) Lair:6
    Orc (2/2) D:10            Elf (0/3) Orc:2        Vaults (1/5) D:14
 Depths (0/5) D:15

Altars:
Ashenzari
Elyvilon
Fedhas
Gozag
Nemelex Xobeh
Trog
Vehumet
Wu Jian
Yredelemnul
Beogh

Shops:
D:10 *   D:15 (   Orc:1 *   Orc:2 }=[(   Vaults:1 :(

Portals:
Trove: D:10 (give 20 scrolls of identify)

Annotations:
D:9 exclusion: oklob sapling
D:13 3 runed doors
Lair:4 1 runed door, MalarOregon's ghost, journeyman MfGl
Lair:5 exclusion: oklob plant
Lair:6 1 runed door, emperorscorpion's ghost, journeyman DECj
Swamp:1 3 runed doors, Jikhaj's ghost, journeyman MiFi; Nasyol's ghost, adept GnNe
Swamp:3 1 runed door, Taipeumi's ghost, adept FoFi


Innate Abilities, Weirdness & Mutations

You are too large for most types of armour.
((You have tough skin. (AC +1)))


Message History

Your adder bites the vault warden but does no damage.
Your water moccasin bites the vault warden but does no damage.
Something barely misses you.
Unknown command.
You feel better.
Your adder barely misses the vault warden.
Your adder bites the vault warden but does no damage.
The vault warden hits you from afar with a +2 halberd of chopping.
* * * LOW HITPOINT WARNING * * *
x2 Your adder bites the vault warden but does no damage.
Unknown command.
You feel better.
Your adder bites the vault warden.
Something hits you!
* * * LOW HITPOINT WARNING * * *
Your adder bites the vault warden but does no damage.
The vault warden hits you but does no damage.
Your adder closely misses the vault warden.
Unknown command.
Something hits you!
You die...
Your body crumbles into a pile of gold.

#.....'......# #
#.....#......# ##
#.....#......# ##.
#.....#......# #..
#.....######## ##.∩
#...§§##..)#######...
#§§§§§#⌠.⌠.......#...
#§§§§§#.∩........'...
#§§.Y§#⌠.⌠.......#...
#§§§S§###........#...
#§§SS{# #........##..
#..p§§# #........##..
#...(.# #........###.
#..S..###+##'##### ##
#..(..#........# #
#.($..#........# ##
#.(...#........# #.


You could see a friendly water moccasin and 2 friendly adders.

Vanquished Creatures
  Saint Roka (Orc:2)
  Nikola (Spider:2)
  Arachne (Spider:2)
  A tentacled monstrosity (Swamp:3)
  Gastronok (Lair:3)
  Frances (D:13)
  2 thorn hunters (Swamp:2)
  Kirke (Lair:4)
  An azure jelly (Swamp:4)
  A vault warden (Vaults:1)
  3 ghost moths (Spider:4)
  Louise (D:14)
  5 emperor scorpions
  A very ugly thing (Vaults:1)
  An ironheart preserver (D:14)
  3 entropy weavers
  A spark wasp (Spider:4)
  Snorg (Lair:5)
  A yaktaur captain (Vaults:1)
  A fire dragon (D:15)
  2 ogre magi
  Josephine (D:10)
  10 hydras
  A death knight (Vaults:1)
  An anaconda (Lair:6)
  2 ghost crabs
  4 ice dragons
  A shambling mangrove (Swamp:4)
  4 vault guards (D:14)
  7 two-headed ogres
  6 centaur warriors
  5 catoblepae
  7 death yaks
  9 alligators
  2 orc high priests (Orc:2)
  Sonja (Orc:2)
  Nergalle (Lair:4)
  5 skeletal warriors
  3 swamp dragons
  4 unseen horrors
  2 spriggan druids
  Pikel (D:6)
  A harpy (Vaults:1)
  A necromancer (D:14)
  14 orb spiders
  4 orc knights
  4 manticores
  6 deep elf magi
  An orc sorcerer (Orc:2)
  5 cyclopes
  19 wolf spiders
  5 moths of wrath
  16 ugly things
  5 black mambas
  4 elephants (Lair:4)
  Joseph (D:10)
  A vault sentinel (Vaults:1)
  Maurice (D:12)
  2 gargoyles
  19 spiny frogs
  2 torpor snails
  5 freezing wraiths
  5 demonic crawlers
  4 rime drakes (Lair:6)
  2 kobold demonologists
  An efreet (D:15)
  5 komodo dragons
  2 yaktaurs (Vaults:1)
  A queen bee (Spider:2)
  15 hornets
  12 trolls
  10 meliai
  3 polar bears
  22 jumping spiders
  18 tyrant leeches
  4 bog bodies
  21 slime creatures
  7 dream sheep (Lair:6)
  8 hippogriffs
  A vampire (D:13)
  52 redbacks
  4 spriggans
  A water elemental (D:15)
  5 shadows
  66 yaks
  4 hogs (Lair:4)
  6 wraiths
  27 tarantellas
  3 wyverns
  7 basilisks
  3 swamp worm simulacra (Swamp:4)
  A hungry ghost (D:12)
  Menkaure (D:7)
  5 wargs
  40 vampire mosquitoes
  18 swamp worms
  5 insubstantial wisps (Swamp:3)
  16 hydra simulacra (Swamp:4)
  3 porcupines
  15 water moccasins
  9 sky beasts
  8 swamp drakes
  6 ice beasts
  A hornet zombie (D:15)
  36 orc warriors
  4 slaves (D:6)
  A necrophage (D:7)
  A phantom (D:9)
  3 black bears
  24 ogres
  2 eyes of draining
  11 centaurs
  11 crocodiles
  16 big kobolds
  13 bullfrogs
  2 gnoll sergeants (D:8)
  A wyvern skeleton (D:6)
  A scorpion (D:7)
  34 killer bees
  6 electric eels
  4 wights (D:10)
  A howler monkey (D:4)
  6 centaur zombies
  6 crimson imps
  A human simulacrum (Vaults:1)
  A gnoll shaman (D:9)
  6 jellies
  4 centaur skeletons
  23 orc priests
  6 bullfrog skeletons
  6 hounds
  32 orc wizards
  Jessica (D:2)
  3 iguanas
  4 hell rats (Lair:3)
  14 worker ants
  A hound zombie (D:8)
  A hound skeleton (D:9)
  A howler monkey zombie (D:10)
  A worker ant zombie (D:8)
  A howler monkey skeleton (D:4)
  13 gnolls
  15 adders
  2 shadow imps (D:5)
  5 swamp drake simulacra (Swamp:4)
  5 adder zombies
  An adder skeleton (D:6)
  3 worms
  3 dart slugs
  4 leopard geckos
  116 orcs
  10 bats
  7 giant cockroaches
  11 goblins
  10 hobgoblins
  4 jackals
  26 kobolds
  7 quokkas
  6 ball pythons (D:9)
  5 frilled lizards
  2 leopard gecko skeletons
  9 rats
  A bush (Lair:6)
  A fungus (Lair:3)
1226 creatures vanquished.

Vanquished Creatures (collateral kills)
  A deep elf archer (D:13)
  A slime creature (Swamp:2)
  A swamp worm (Swamp:2)
3 creatures vanquished.

Vanquished Creatures (others)
  A wolf spider (Spider:1)
  An ugly thing (Swamp:2)
  A tyrant leech (Swamp:4)
  2 hornets
  A human (Lair:4)
  6 fungi
  16 plants
  6 withered plants (Swamp:1)
34 creatures vanquished.

Grand Total: 1263 creatures vanquished

Notes
Turn   | Place    | Note
-------+----------+-------------------------------------------
     0 | D:1      | toffzen the Ogre Transmuter began the quest for the Orb.
     0 | D:1      | Reached XP level 1. HP: 19/19 MP: 3/3
   188 | D:1      | Reached XP level 2. HP: 21/28 MP: 5/5
   194 | D:1      | Reached skill level 2 in Fighting
   729 | D:1      | Reached XP level 3. HP: 36/36 MP: 6/6
   742 | D:1      | Learned a level 3 spell: Spider Form
  1456 | D:1      | Reached skill level 1 in Poison Magic
  1782 | D:2      | Reached XP level 4. HP: 44/44 MP: 3/7
  2506 | D:2      | Noticed Jessica
  2515 | D:2      | Killed Jessica
  2515 | D:2      | Reached skill level 3 in Fighting
  2515 | D:2      | Reached XP level 5. HP: 53/53 MP: 4/8
  3142 | D:3      | Found an opulent altar of Gozag.
  3240 | D:3      | Became a worshipper of Gozag Ym Sagoz the Greedy
  3640 | D:3      | Found a shattered altar of Ashenzari.
  3733 | D:3      | Reached XP level 6. HP: 61/61 MP: 6/9
  3793 | D:3      | Found a radiant altar of Vehumet.
  4287 | D:4      | Reached skill level 4 in Fighting
  4293 | D:4      | Reached skill level 5 in Unarmed Combat
  4293 | D:4      | Reached XP level 7. HP: 53/70 MP: 7/10
  4413 | D:4      | Found a blossoming altar of Fedhas.
  4613 | D:5      | Entered Level 5 of the Dungeon
  5608 | D:6      | Reached skill level 5 in Fighting
  5775 | D:6      | Found a white marble altar of Elyvilon.
  5857 | D:6      | Found an ornate altar of the Wu Jian Council.
  5885 | D:6      | Reached XP level 8. HP: 55/81 MP: 7/11
  6046 | D:6      | Learned a level 2 spell: Sticks to Snakes
  6121 | D:6      | Found a shattered altar of Ashenzari.
  6268 | D:6      | Reached skill level 6 in Fighting
  6916 | D:6      | Noticed Pikel
  6980 | D:6      | Killed Pikel
  6980 | D:6      | Reached skill level 7 in Fighting
  6980 | D:6      | Reached skill level 5 in Dodging
  6980 | D:6      | Reached XP level 9. HP: 81/93 MP: 5/12
  7663 | D:7      | Noticed Menkaure
  7912 | D:7      | Found a basalt altar of Yredelemnul.
  8194 | D:7      | Found a staircase to the Ecumenical Temple.
  8492 | D:7      | Noticed a deep elf mage
  8627 | D:7      | Killed a deep elf mage
  8627 | D:7      | Reached skill level 8 in Fighting
  8701 | D:7      | Found Nahivoes's Food Shoppe.
  8718 | D:7      | Killed Menkaure
  8890 | D:7      | Learned a level 4 spell: Ice Form
  8969 | D:8      | Reached skill level 1 in Ice Magic
  9065 | D:7      | Reached XP level 10. HP: 104/106 MP: 7/14
 10761 | D:9      | Reached skill level 5 in Spellcasting
 11045 | D:9      | Found a staircase to the Lair.
 11314 | D:9      | Reached skill level 5 in Transmutations
 11775 | D:9      | Found a blossoming altar of Fedhas.
 12126 | D:9      | Noticed an eight-headed hydra
 12132 | D:9      | Killed an eight-headed hydra
 12477 | Lair:1   | Entered Level 1 of the Lair of Beasts
 12524 | Lair:1   | Reached XP level 11. HP: 95/113 MP: 19/21
 12600 | Lair:1   | Noticed a four-headed hydra
 12950 | Lair:1   | Killed a four-headed hydra
 12950 | Lair:1   | Reached skill level 1 in Evocations
 13223 | D:10     | Entered Level 10 of the Dungeon
 13223 | D:10     | Found Lisonup's Assorted Antiques.
 13229 | D:9      | Reached skill level 9 in Fighting
 13367 | D:10     | Found a staircase to the Orcish Mines.
 13391 | D:10     | Bought a scroll of blinking for 172 gold pieces
 13391 | D:10     | Bought a potion of curing for 69 gold pieces
 13464 | D:10     | Noticed Joseph
 13484 | D:10     | Killed Joseph
 13864 | D:10     | Found a portal to a secret trove of treasure.
 15370 | D:10     | Noticed Josephine
 15404 | D:10     | Killed Josephine
 15930 | D:10     | Upgraded the game from 0.23-a0-494-g91793a9 to
                  | 0.23-a0-512-g50a8178
 16238 | Lair:1   | Reached skill level 10 in Fighting
 16703 | Lair:2   | Noticed a catoblepas
 16720 | Lair:2   | Reached XP level 12. HP: 126/126 MP: 19/22
 16730 | Lair:2   | Killed a catoblepas
 17339 | Lair:2   | Reached skill level 10 in Unarmed Combat
 19185 | Lair:3   | Reached skill level 11 in Fighting
 19587 | Lair:3   | Noticed a five-headed hydra
 19593 | Lair:3   | Killed a five-headed hydra
 20189 | Lair:3   | Noticed Gastronok
 20352 | Lair:3   | Found a staircase to the Swamp.
 21017 | Lair:4   | Reached XP level 13. HP: 91/139 MP: 25/25
 21272 | Lair:4   | Found a hole to the Spider Nest.
 21307 | Lair:4   | Noticed Kirke
 21334 | Lair:4   | Noticed a sphinx
 21345 | Lair:4   | Killed Kirke
 21345 | Lair:4   | Reached skill level 12 in Fighting
 21939 | Lair:4   | Found a runed door.
 22220 | Lair:4   | Noticed Nergalle
 22235 | Lair:4   | Killed Nergalle
 22358 | Lair:4   | Noticed MalarOregon's ghost (journeyman MfGl)
 22744 | D:7      | Bought a ration for 55 gold pieces
 22744 | D:7      | Bought a ration for 55 gold pieces
 22744 | D:7      | Bought a ration for 55 gold pieces
 22744 | D:7      | Bought a ration for 55 gold pieces
 22744 | D:7      | Bought a ration for 55 gold pieces
 22744 | D:7      | Bought a ration for 55 gold pieces
 22744 | D:7      | Bought a ration for 55 gold pieces
 22744 | D:7      | Bought a ration for 55 gold pieces
 22744 | D:7      | Bought a ration for 55 gold pieces
 22968 | Lair:5   | Noticed Snorg
 22987 | Lair:5   | Killed Snorg
 23688 | Lair:6   | Entered Level 6 of the Lair of Beasts
 24648 | Lair:6   | Learned a level 5 spell: Blade Hands
 24808 | Lair:6   | Reached XP level 14. HP: 130/150 MP: 22/27
 24809 | Lair:6   | Found a runed door.
 24809 | Lair:6   | Noticed emperorscorpion's ghost (journeyman DECj)
 24863 | Lair:6   | Reached skill level 13 in Fighting
 26736 | Lair:6   | Reached skill level 5 in Ice Magic
 26834 | Lair:6   | Reached skill level 10 in Spellcasting
 28070 | Lair:6   | Reached skill level 10 in Dodging
 28308 | Lair:6   | Found a staircase to the Slime Pits.
 28678 | D:11     | Reached skill level 10 in Transmutations
 29174 | D:11     | Found a sparkling altar of Nemelex Xobeh.
 30611 | D:13     | Noticed Maurice
 30652 | D:12     | Killed Maurice
 31322 | D:12     | Reached skill level 14 in Fighting
 31821 | D:13     | Reached XP level 15. HP: 157/163 MP: 26/29
 32227 | D:13     | Noticed Frances
 32421 | Orc:1    | Entered Level 1 of the Orcish Mines
 32452 | Orc:1    | You fall through a shaft!
 32452 | Orc:2    | Entered Level 2 of the Orcish Mines
 32550 | Orc:2    | Found a roughly hewn altar of Beogh.
 33372 | Orc:1    | Found Momnurhyfo's Assorted Antiques.
 33484 | Orc:1    | Found a roughly hewn altar of Beogh.
 33998 | Orc:2    | Found a roughly hewn altar of Beogh.
 34016 | Orc:2    | Found a staircase to the Elven Halls.
 34059 | Orc:2    | Found a roughly hewn altar of Beogh.
 34112 | Orc:2    | Noticed Sonja
 34116 | Orc:2    | Killed Sonja
 34131 | Orc:2    | Found a roughly hewn altar of Beogh.
 34149 | Orc:2    | Found Jympuunn's Jewellery Boutique.
 34158 | Orc:2    | Bought the ring of Litery {rC+ rN+ MR+ Str+3 Dex+2} for 644
                  | gold pieces
 34158 | Orc:2    | Bought an uncursed amulet of guardian spirit for 360 gold
                  | pieces
 34722 | Orc:2    | Found a roughly hewn altar of Beogh.
 34775 | Orc:2    | Found a roughly hewn altar of Beogh.
 34789 | Orc:2    | Found Jiuf Dac's Gadget Shoppe.
 35033 | Orc:2    | Noticed Saint Roka
 35406 | Orc:2    | Killed Saint Roka
 35880 | Orc:2    | Found Goepni's Antique Armour Shoppe.
 35886 | Orc:2    | Found a roughly hewn altar of Beogh.
 35900 | Orc:2    | Found Zaxos's Antique Weapon Emporium.
 37330 | D:13     | Killed Frances
 37423 | D:13     | Found a bloodstained altar of Trog.
 37590 | D:13     | Found a runed door.
 37615 | D:13     | Found a runed door.
 37618 | D:13     | Found a runed door.
 37752 | D:13     | Learned a level 7 spell: Dragon Form
 38539 | D:14     | Reached skill level 15 in Fighting
 38898 | D:14     | Reached XP level 16. HP: 167/176 MP: 26/31
 38952 | D:14     | Noticed Louise
 38965 | D:14     | Killed Louise
 39661 | D:14     | Found a gate to the Vaults.
 40512 | D:15     | Entered Level 15 of the Dungeon
 41075 | D:15     | Found Kebeow's Weapon Shop.
 41078 | D:15     | Paralysed by an ogre mage for 5 turns
 43027 | D:15     | Found a staircase to the Depths.
 43213 | D:14     | Upgraded the game from 0.23-a0-512-g50a8178 to
                  | 0.23-a0-516-g0f8c245
 43393 | Spider:1 | Entered Level 1 of the Spider Nest
 44450 | Lair:3   | Upgraded the game from 0.23-a0-516-g0f8c245 to
                  | 0.23-a0-536-g5e0f5a2
 44451 | Swamp:1  | Entered Level 1 of the Swamp
 44910 | Swamp:1  | Found a runed gate.
 44910 | Swamp:1  | Found a runed gate.
 44911 | Swamp:1  | Found a runed gate.
 44913 | Swamp:1  | Noticed Jikhaj's ghost (journeyman MiFi)
 44913 | Swamp:1  | Noticed Nasyol's ghost (adept GnNe)
 45348 | Swamp:1  | Reached skill level 16 in Fighting
 45558 | Swamp:2  | Noticed a thorn hunter
 45567 | Swamp:2  | Killed a thorn hunter
 45885 | Swamp:2  | Got a warped buckler
 46524 | Swamp:2  | Reached XP level 17. HP: 187/187 MP: 28/33
 48687 | Swamp:3  | Found a runed door.
 48718 | Swamp:3  | Noticed Taipeumi's ghost (adept FoFi)
 48983 | Swamp:3  | Noticed a tentacled monstrosity
 49015 | Swamp:3  | Killed a tentacled monstrosity
 49675 | Swamp:4  | Entered Level 4 of the Swamp
 49693 | Swamp:3  | Reached skill level 15 in Unarmed Combat
 50288 | Swamp:2  | Bought a ration for 60 gold pieces
 50288 | Swamp:2  | Bought a ration for 60 gold pieces
 50288 | Swamp:2  | Bought a ration for 60 gold pieces
 50288 | Swamp:2  | Bought a ration for 60 gold pieces
 50288 | Swamp:2  | Bought a ration for 60 gold pieces
 50288 | Swamp:2  | Bought a ration for 60 gold pieces
 50420 | Swamp:3  | Paralysed by a hornet for 3 turns
 53448 | Swamp:4  | Got a decaying rune of Zot
 53657 | Lair:3   | Killed Gastronok
 54315 | Spider:1 | You fall through a shaft!
 54751 | Spider:1 | Reached skill level 17 in Fighting
 55086 | Spider:1 | Identified a scroll of acquirement
 55710 | Spider:2 | Noticed Arachne
 55748 | Spider:2 | Killed Arachne
 56056 | Spider:2 | Reached XP level 18. HP: 200/200 MP: 34/34
 57707 | Spider:3 | Noticed Nikola
 57725 | Spider:2 | Killed Nikola
 58736 | Spider:3 | Learned a level 2 spell: Blink
 58863 | Spider:4 | Entered Level 4 of the Spider Nest
 59148 | Spider:4 | Upgraded the game from 0.23-a0-536-g5e0f5a2 to
                  | 0.23-a0-539-g3f6f39f
 61840 | Spider:4 | Got a gossamer rune of Zot
 62435 | Vaults:1 | Entered Level 1 of the Vaults
 62817 | Vaults:1 | Found Sedeomp's Book Emporium.
 63284 | Vaults:1 | Reached skill level 18 in Fighting
 63491 | Vaults:1 | Found Loifonusm's Weapon Emporium.
 63934 | Vaults:1 | Slain by an ogre mage

Vault maps used:
D:1:      lightli_arrival_windingriver
D:2:      minmay_goblin_outpost, uniq_jessica
D:3:      overflow_temple_1_default, lemuel_round_altar,
          cheibrodos_ashenzari_chains
D:4:      first_ration, fedhas_altar_2
D:6:      minmay_thinvault, kennysheep_mini_moat, basic_altar, elyvilon_altar_3,
          uniq_pikel
D:7:      nicolae_overflow_crystal_walls, minmay_temple_entry_arrows,
          serial_shops, nicolae_shop_statue_plus, the_bakery,
          minmay_misc_feat_nine_boxes, chequers_serial_rivers_small_3,
          kennysheep_small_spiral, guppyfry_early_elven_hall, uniq_menkaure
D:8:      minmay_alternating_orb
D:9:      erik_lair_orcish_takeover, introduction_to_nature_2
D:10:     kennysheep_blocky_hall, orc_0_dummy, special_room, serial_shops,
          nicolae_shop_stone, nicolae_trove_entry_diagonal, st_stairs_10,
          uniq_joseph, uniq_josephine
D:11:     basic_altar
D:12:     billiards_dpeg
D:13:     minmay_the_grid_triangle_9x9_rhombus_full_mashed, basic_altar,
          uniq_frances, uniq_maurice
D:14:     minmay_ornate_pinched, lightli_vaults_fourway_checkpoint,
          hangedman_decor_riveting, uniq_louise
D:15:     grunt_enter_depths_hoard, kennysheep_crisscross, serial_shops, shop,
          roderic_lattice_a, grunt_decor_one_mirror, minmay_diced_spiral
Lair:1:   serial_bayou_pond_b, chequers_serial_rivers_micro_c,
          grunt_megastairs_2
Lair:3:   minmay_swamp_entry_eels, uniq_gastronok
Lair:4:   spider_nest_entry_a, gammafunk_ghost_grave, beast_lair_carwin_3,
          uniq_kirke, uniq_nergalle
Lair:5:   uniq_snorg
Lair:6:   evilmike_catoblepas_cave, dpeg_slime_entry_corner,
          ebering_ghost_reflecting_pool, hangedman_lair_unloving_vines,
          st_stairs_6, serial_bayou_pond_d, hangedman_lair_generics_rect
Swamp:1:  gammafunk_ghost_cemetery, evilmike_swamp_ruin_house_4
Swamp:2:  evilmike_swamp_ruin_house_1
Swamp:3:  cheibrodos_swamp_monstrosity, ebering_ghost_reflecting_pool,
          serial_swamp_ruin, evilmike_swamp_ruin_rubble_1,
          evilmike_swamp_ruin_house_3, evilmike_swamp_ruin_house_5
Swamp:4:  swamp_icy
Spider:2: special_room, spider_trap, worms_lemuel, nicolae_spider_cling_ruins,
          uniq_arachne
Spider:3: uniq_nikola
Spider:4: spider_rune_water, nicolae_spider_circle_web,
          spiders_nest_ghost_moth_duel
Orc:1:    serial_shops, nicolae_shop_waterfront, basic_altar
Orc:2:    grunt_orc_community_town_hall, grunt_orc_community_big_house_1,
          grunt_orc_community_big_house_2, grunt_orc_community_house_1,
          grunt_orc_community_house_1, grunt_orc_community_house_3,
          grunt_orc_community_house_2, grunt_orc_community_house_2,
          mines2_david, uniq_sonja, uniq_saint_roka
Vaults:1: v_misc_28, nicolae_vaults_stairing_the_circle,
          hangedman_vaults_slither, vaults_room_boxed, vaults_dpeg_spiral,
          st_squares, ontoclasm_vaults_hangar, vaults_room_octagon,
          vaults_room_stairs_pillars, hangedman_vaults_slice,
          grunt_vaults_hallway_short, dpeg_vaults_monster_box, vaults_room_pool,
          serial_shops, shop_fountains

Skill      XL: |  1  2  3  4  5  6  7  8  9 10 11 12 13 14 15 16 17 18 |
---------------+-------------------------------------------------------+-----
Unarmed Combat | 3 4 5 6 7 9 10 11 12 13 14 15 | 15.9
Fighting       | 2 3 4 5 7 8 10 11 12 14 15 16 17 18 | 18.0
Transmutations | 2 3 6 7 8 9 10 11 12 | 12.9
Poison Magic   | 1 |  1.0
Dodging        | 2 3 4 5 6 7 8 9 10 11 12 13 | 13.5
Ice Magic      | 1 4 6 |  6.0
Spellcasting   | 3 7 8 9 10 11 12 13 | 13.4
Evocations     | 3 4 |  4.0

Action                   |  1- 3 |  4- 6 |  7- 9 | 10-12 | 13-15 | 16-18 || total
-------------------------+-------+-------+-------+-------+-------+-------++-------
Melee: Unarmed           |   157 |   206 |   321 |   869 |  1396 |  1462 ||  4411
       Headbutt          |     1 |     1 |     3 |     2 |       |       ||     7
       Punch             |     1 |       |     4 |     9 |     4 |     4 ||    22
       Kick              |       |     2 |       |       |       |       ||     2
 Fire: Hunting sling     |       |     3 |       |       |       |       ||     3
Throw: Stone             |    11 |     8 |    10 |       |     8 |       ||    37
 Cast: Spider Form       |     2 |    10 |    21 |    45 |    66 |    15 ||   159
       Beastly Appendage |     1 |     3 |     3 |     1 |       |       ||     8
       Sticks to Snakes  |       |       |     2 |     1 |     6 |    17 ||    26
       Ice Form          |       |       |       |    23 |    43 |   120 ||   186
Invok: Potion Petition   |       |       |       |     1 |     3 |     1 ||     5
       Call Merchant     |       |       |       |       |       |     1 ||     1
 Abil: End Transformatio |       |       |       |       |     1 |     3 ||     4
Evoke: Wand              |       |       |       |    19 |    33 |    25 ||    77
  Use: Scroll            |       |     6 |     7 |    14 |    11 |    19 ||    57
       Potion            |       |       |     2 |     7 |     1 |    13 ||    23
 Stab: Distracted        |       |       |       |     4 |     4 |    11 ||    19
       Petrified         |       |       |       |     3 |       |       ||     3
       Held in net/web   |       |       |       |       |       |     1 ||     1
  Eat: Chunk             |     3 |     6 |       |       |       |       ||     9
       Ration            |       |     1 |     6 |    13 |    17 |    25 ||    62
Armor: Robe              |    65 |    37 |    34 |    39 |    38 |    12 ||   225
       Skin              |       |     1 |     4 |    37 |    70 |   238 ||   350
Dodge: Dodged            |    96 |   122 |   201 |   631 |  1001 |  1026 ||  3077

Table legend:
 A = Non-vault XP
 B = Vault XP
 C = Vault XP percentage of total XP
 D = Non-vault monster count
 E = Vault monster count
 F = Vault count percentage of total count
                 A         B        C        D         E       F
            +---------+---------+-------+---------+---------+-------
      Total |  174197 |  136342 |  43.9 |     805 |     420 |  34.3
            +---------+---------+-------+---------+---------+-------
        D:1 |      68 |       0 |   0.0 |      29 |       0 |   0.0
        D:2 |      74 |      50 |  40.3 |      22 |       8 |  26.7
        D:3 |     166 |       0 |   0.0 |      26 |       0 |   0.0
        D:4 |     283 |       0 |   0.0 |       7 |       0 |   0.0
        D:5 |     271 |       0 |   0.0 |      10 |       0 |   0.0
        D:6 |     739 |     978 |  57.0 |      18 |      11 |  37.9
        D:7 |     793 |     955 |  54.6 |      16 |       3 |  15.8
        D:8 |    1471 |     354 |  19.4 |      26 |      11 |  29.7
        D:9 |    2225 |    1091 |  32.9 |      28 |      24 |  46.2
       D:10 |    2194 |    4959 |  69.3 |      22 |      35 |  61.4
       D:11 |    6665 |       0 |   0.0 |      35 |       0 |   0.0
       D:12 |    3576 |    5579 |  60.9 |      20 |      12 |  37.5
       D:13 |    5377 |    9406 |  63.6 |      33 |      17 |  34.0
       D:14 |   11099 |   13316 |  54.5 |      34 |      24 |  41.4
       D:15 |   13123 |    2844 |  17.8 |      39 |       4 |   9.3
     Lair:1 |    1800 |    1965 |  52.2 |      13 |       5 |  27.8
     Lair:2 |    4921 |       0 |   0.0 |      20 |       0 |   0.0
     Lair:3 |    7098 |    2560 |  26.5 |      35 |       6 |  14.6
     Lair:4 |    6624 |    6895 |  51.0 |      15 |      14 |  48.3
     Lair:5 |    1375 |    2016 |  59.5 |       7 |       2 |  22.2
     Lair:6 |    9629 |   14591 |  60.2 |      35 |      31 |  47.0
    Swamp:1 |    8494 |       0 |   0.0 |      23 |       0 |   0.0
    Swamp:2 |   17022 |       0 |   0.0 |      48 |       0 |   0.0
    Swamp:3 |   12793 |    2915 |  18.6 |      35 |       1 |   2.8
    Swamp:4 |    6187 |    8229 |  57.1 |      17 |      32 |  65.3
   Spider:1 |   14196 |       0 |   0.0 |      36 |       0 |   0.0
   Spider:2 |   14735 |   15328 |  51.0 |      38 |      43 |  53.1
   Spider:3 |    9274 |    2017 |  17.9 |      35 |       2 |   5.4
   Spider:4 |    4575 |   18778 |  80.4 |       5 |      40 |  88.9
      Orc:1 |    2077 |     136 |   6.1 |      35 |       1 |   2.8
      Orc:2 |    2787 |   11356 |  80.3 |      39 |      79 |  66.9
   Vaults:1 |    2486 |   10024 |  80.1 |       4 |      15 |  78.9
            +---------+---------+-------+---------+---------+-------
